 Dungeon Crawl Stone Soup version 0.30-a0-46-g5a63ccc183 (webtiles) character file.

Game seed: 3212464571109448872

4 ytrimaz the Insei (level 1, 0/13 HPs)
             Began as an Octopode Transmuter on Sept 1, 2022.
             Slain by a ball python (1 damage)
             ... on level 1 of the Dungeon.
             The game lasted 00:00:19 (509 turns).

ytrimaz the Insei (Octopode Transmuter)              Turns: 509, Time: 00:00:20

Health: 0/13       AC:  1    Str:  9    XL:     1   Next: 60%
Magic:  1/3        EV: 10    Int: 15    God:
Gold:   0          SH:  0    Dex: 12    Spells: 3/4 levels left

rFire   . . .      SeeInvis .      - Unarmed
rCold   . . .      Faith    .    (no shield)
rNeg    . . .      Spirit   .    (helmet restricted)
rPois   .          Reflect  .    (no amulet)
rElec   .          Harm     .    (no ring)
rCorr   .          Rampage  .    (no ring)
Will    .....                    (no ring)
Stlth   ++........               (no ring)
HPRegen 0.04/turn                (no ring)
MPRegen 0.08/turn                (no ring)
                                 (no ring)
                                 (no ring)

@: very slightly contaminated, constricted
A: almost no armour, amphibious, 8 rings, camouflage 1, gelatinous body 1,
(nimble swimmer 1), tentacles
a: no special abilities


You were on level 1 of the Dungeon.
You visited 1 branch of the dungeon, and saw 1 of its levels.


Innate Abilities, Weirdness & Mutations

You cannot wear most types of armour.
You are amphibious.
You can wear up to eight rings at the same time.
Your skin changes colour to match your surroundings (Stealth+).
Your rubbery body absorbs attacks. (AC +1, EV +1)
((You are camouflaged when in or above water. (Stealth+)))
You have tentacles for arms and can constrict up to eight enemies at once.


   Skills:
 - Level 1.0 Fighting
 - Level 2.0 Dodging
 + Level 3.3 Unarmed Combat
 - Level 2.0 Spellcasting
 - Level 2.0 Transmutations


You had 3 spell levels left.
You knew the following spells:

 Your Spells              Type           Power      Damage    Failure   Level
a - Beastly Appendage     Tmut           14%        N/A       10%         1

Your spell library contained the following spells:

 Spells                   Type           Power      Damage    Failure   Level
 Wereblood                Tmut           7%         N/A       14%         2
 Spider Form              Tmut/Pois      4%         N/A       41%         3
 Ice Form                 Ice/Tmut       4%         N/A       82%         4

Inventory:

Missiles
 f - 6 stones {throwing}
Jewellery
 e - a ring of wizardry
   (You found it on level 1 of the Dungeon)
Scrolls
 b - a scroll of enchant weapon {unknown}
 c - a scroll of brand weapon {unknown}
 d - a scroll of teleportation {unknown}
Potions
 a - a potion of lignification {!q}
 g - a potion of brilliance {unknown}
 h - a potion of resistance {unknown}

Dungeon Overview and Level Annotations

Branches:
Dungeon (1/15) Zot: 5490

Altars:

#.. ####### # . #..
#.....####### #. #$.
#............ #..##..
+.....#...... # .....
#.....#...... ..?#..$
#........####
.......#####.....#..# ##
......S@.........#..###.
.#....).....######..##..
...#........# ##..#...
............# ##..##...
#..#........# ##..#.#...
....######### #..#......
.... ##..#.#... #.
##..##... ##..#...


You could see a ball python.


Message History

The goblin hits you with a +0 club. 😕 HP[-1]
You take 1 damage, and now have 12/13 hp.
You tentacle-slap the goblin.
You kill the goblin!
Unknown command.
You see here a +0 club {mace}.
There is a stone staircase leading down here.
c - a scroll labelled QURAGG ORES 😎 HP[+1]
Your hp is fully restored (13).
d - a scroll labelled MUOTOS ASHREUHO Key pressed, stopping explore.
You open the door.
There is an open door here.
Key pressed, stopping explore.
e - a ring of wizardry An endoplasm comes into view.
An endoplasm is nearby!
An endoplasm is nearby!
An endoplasm is nearby!
One of your tentacles grows a vicious spike. 😎 MP[-1]
You lost 1 mp, and now have 2/3 mp.
The endoplasm quivers.
You tentacle-slap the endoplasm but do no damage.
The endoplasm freezes you.
You are frozen. 😮 HP[-5]
You take 5 damage, and now have 8/13 hp.
MASSIVE DAMAGE!! (PAUSE)
You tentacle-slap the endoplasm. The endoplasm hits you. 😮 HP[-1]
You take 1 damage, and now have 7/13 hp.
You tentacle-slap the endoplasm but do no damage.
You squeeze the endoplasm.
You kill the endoplasm!
Unknown command.
Unknown command.
Okay, then.
Your transformation is almost over.
Your tentacle spike disappears.
Key pressed, stopping explore.
Key pressed, stopping explore.
You see here a +0 short sword {short}.
f - 6 stones {throwing}
g - a sedimented golden potion 😎 HP[+6] MP[+1]
Your hp is fully restored (13).
Your mp is fully restored (3).
h - a murky orange potion A ball python comes into view.
A ball python is nearby!
A ball python is nearby!
A ball python is nearby!
A ball python is nearby!
A goblin comes into view. It is wielding a +0 dagger.
There are monsters nearby!
There are monsters nearby!
There are monsters nearby!
There are monsters nearby!
Unknown command.
You miscast Beastly Appendage.
You are very lightly contaminated with residual magic.
Nothing appears to happen.
The ball python hisses angrily. 😎 MP[-1]
You lost 1 mp, and now have 2/3 mp.
The ball python closely misses you. x2
Unknown command.
You miscast Beastly Appendage.
Nothing appears to happen.
The ball python barely misses you. The ball python closely misses you.
You closely miss the ball python. Your grab misses the ball python.
The goblin hits you with a +0 dagger. The ball python barely misses you.
The ball python grabs you.
The ball python constricts you. 😮 HP[-4] MP[-1]
You take 4 damage, and now have 9/13 hp.
MASSIVE DAMAGE!! (PAUSE)
You lost 1 mp, and now have 1/3 mp.
You are too injured to fight recklessly!
You tentacle-slap the goblin. Your grab misses the goblin.
The ball python bites you but does no damage.
The ball python constricts you. The goblin hits you with a +0 dagger.
* * * LOW HITPOINT WARNING * * *
😨 HP[-4]
You take 4 damage, and now have 5/13 hp.
MASSIVE DAMAGE!! (PAUSE)
You barely miss the ball python. You grab the ball python.
You constrict the ball python. The ball python bites you.
* * * LOW HITPOINT WARNING * * *
The ball python constricts you. The goblin hits you with a +0 dagger.
* * * LOW HITPOINT WARNING * * *
😱 HP[-4]
You take 4 damage, and now have 1/13 hp.
MASSIVE DAMAGE!! (PAUSE)
You tentacle-slap the goblin.
You kill the goblin!
You constrict the ball python. The ball python bites you.
You die...

Action                   || total
-------------------------++-------
Melee: Unarmed           ||    10
       Constrict         ||     3
       Tentacles         ||     2
 Cast: Beastly Appendage ||     2
 Stab: Sleeping          ||     1
Armor: Skin              ||     1
Dodge: Dodged            ||     5

Levels and vault maps discovered:
D:1:      psy_arrival_dodecagon, layout_basic,
          hellmonk_ecumenical_altar_pennies_from_heaven, minmay_tetromino_o4

Notes
Turn   | Place    | Note
-------+----------+-------------------------------------------
     0 | D:1      | ytrimaz the Octopode Transmuter began the quest for the
                  | Orb.
     0 | D:1      | Reached XP level 1. HP: 13/13 MP: 3/3
     0 | D:1      | magus.rc [v1.9.6]
   508 | D:1      | HP: 1/13 [goblin/+0 dagger (3)]
   509 | D:1      | Slain by a ball python

Vanquished Creatures
  An endoplasm (D:1)
  3 goblins (D:1)
4 creatures vanquished.

Table legend:
 A = Non-vault XP
 B = Vault XP
 C = Vault XP percentage of total XP
 D = Non-vault monster count
 E = Vault monster count
 F = Vault count percentage of total count
                 A         B        C        D         E       F
            +---------+---------+-------+---------+---------+-------
      Total |       8 |       0 |   0.0 |       4 |       0 |   0.0
            +---------+---------+-------+---------+---------+-------
        D:1 |       8 |       0 |   0.0 |       4 |       0 |   0.0
            +---------+---------+-------+---------+---------+-------

Illustrated notes

Table legend:
 A = Kills in this place as a percentage of kills in entire the game.
 B = Kills by you in this place as a percentage of kills by you in the entire game.
 C = Kills by friends in this place as a percentage of kills by friends in the entire game.
 D = Other kills in this place as a percentage of other kills in the entire game.
 E = Experience gained in this place as a percentage of experience gained in the entire game.
 F = Experience gained in this place divided by the number of levels of this place that you have seen.
                   A       B       C       D       E      F
               +-------+-------+-------+-------+-------+----------------------
         Total | 100.0 | 100.0 |   N/A |   N/A | 100.0 |   8.0
       Dungeon | 100.0 | 100.0 |   N/A |   N/A | 100.0 |   8.0
               +-------+-------+-------+-------+-------+----------------------

Table legend: (Time is in decaauts)
 A = Elapsed time spent in this place.
 B = Non-inter-level travel time spent in this place.
 C = Inter-level travel time spent in this place.
 D = Time resting spent in this place.
 E = Time spent auto-exploring this place.
 F = Levels seen in this place.
 G = Mean time per level.
                   A        B        C        D        E       F      G
               +--------+--------+--------+--------+--------+-----+--------+
         Total |    508 |    508 |      0 |      0 |    470 |   1 |  508.0 |
       Dungeon |    508 |    508 |      0 |      0 |    470 |   1 |  508.0 |
               +--------+--------+--------+--------+--------+-----+--------+

Top non-repeatable levels by time:
     D:1: 508 daAuts
